 Dungeon Crawl Stone Soup version 0.31.0-12-g77e489cdc1 (webtiles) character file.

Game seed: 17616986515215181277

19226 sking99 the Grand Scion (level 12, -19/92 HPs)
             Began as a Yellow Draconian Conjurer on Mar 1, 2024.
             Was a High Priest of Hepliaklqana.
             Killed by the air
             ... invoked by Gastronok
              (34 damage)
             ... on level 2 of the Lair of Beasts.
             The game lasted 00:41:40 (15256 turns).

sking99 the Grand Scion (DrCj)                     Turns: 15256, Time: 00:41:41

Health: -19/92     AC:  8    Str: 19    XL:     12   Next: 34%
Magic:  6/25       EV: 12    Int: 23    God:    Hepliaklqana [*****.]
Gold:   874        SH: 10    Dex: 11    Spells: 15/29 levels left

rFire   . . .        D - +0 dagger (venom)
rCold   + + +        j - +0 buckler
rNeg    + . .        (body armour unavailable)
rPois   .            (helmet currently unavailable)
rElec   .            h - melded scarf "Ygocw" {shadows, rPois Will+ Int+2}
rCorr   +            (gloves currently unavailable)
SInv    .            (boots currently unavailable)
Will    .....        r - amulet "Cacaf" {Reflect rC+++ Str+4 SH+5}
Stlth   ++           y - +6 ring of strength
HPRegen 0.35/turn    F - ring of positive energy
MPRegen 0.19/turn

%: reflection
@: beast-form, slowed, studying Long Blades, very slow
A: beast (slay +2), reduced essence, spit acid, AC +8, unfitting armour,
cold-blooded, acid resistance
a: Breathe Acid, Begin Untransformation, Renounce Religion, Recall Ancestor,
Ancestor Identity, Transference, Idealise


You were on level 2 of the Lair of Beasts.
You worshipped Hepliaklqana.
Hepliaklqana was extremely pleased with you.
You were a hulking beast.
You visited 3 branches of the dungeon, and saw 14 of its levels.
You also visited: Ossuary.

You collected 874 gold pieces.

Inventory:

Hand Weapons
 D - a +0 dagger of venom (weapon)
Missiles
 m - 2 throwing nets
Armour
 h - the scarf "Ygocw" (melded) {shadows, rPois Will+ Int+2}
   (You found it on level 2 of the Dungeon)

   Int+2:     It affects your intelligence (+2).
   rPois:     It protects you from poison Will+: It increases your willpower.
 j - a +0 buckler (worn)
Jewellery
 e - an amulet of the acrobat
 r - the amulet "Cacaf" (around neck) {Reflect rC+++ Str+4 SH+5}
   (You took it off a gnoll on level 7 of the Dungeon)

   [amulet of reflection]

   Reflect:   It reflects blocked missile attacks.
   Str+4:     It affects your strength (+4).
   rC+++:     It renders you almost immune to cold.
   SH+5:      It affects your SH (+5).
 x - an amulet of faith
 y - a +6 ring of strength (left hand)
 E - an amulet of magic regeneration
 F - a ring of positive energy (right hand)
Talismans
 b - a beast talisman (active)
Wands
 t - a wand of quicksilver (15)
 v - a wand of flame (11)
Scrolls
 d - a scroll of fog {unknown}
 i - 4 scrolls of teleportation
 k - 2 scrolls of vulnerability
 l - 2 scrolls of immolation
 p - 3 scrolls of amnesia
 s - 3 scrolls of enchant weapon
 w - a scroll of enchant armour {unknown}
 z - 3 scrolls of identify
 A - 2 scrolls of revelation {unknown}
 B - a scroll of brand weapon {unknown}
 G - a scroll of fear {unknown}
 H - 2 scrolls of poison
Potions
 a - 2 potions of magic
 c - 3 potions of lignification
 f - 3 potions of haste
 g - 8 potions of heal wounds
 n - 6 potions of curing
 o - 2 potions of cancellation
 q - 2 potions of attraction
 u - a potion of enlightenment {unknown}
 C - 2 potions of might {unknown}
 I - a potion of mutation {unknown}
 J - a potion of invisibility {unknown}
 K - a potion of brilliance {unknown}


   Skills:
 + Level 8.6 Fighting
 + Level 4.1 Dodging
 - Level 1.7 Stealth
 - Level 5.0 Shields
 + Level 9.3 Spellcasting
 - Level 8.0 Conjurations
 + Level 3.9 Ice Magic
 - Level 7.0 Alchemy
 + Level 10.7 Invocations
 - Level 3.5 Shapeshifting


You had 15 spell levels left.
You knew the following spells:

 Your Spells              Type           Power      Damage    Failure   Level
a - Magic Dart            Conj           100%       1d8       1%          1
b - Searing Ray           Conj           94%        2d7       1%          2
c - Fulminant Prism       Conj/Alch      22%        3d12      3%          4
d - Olgreb's Toxic Radia  Alch           42%        N/A       4%          4
e - Hailstorm             Conj/Ice       38%        3d9       1%          3

Your spell library contained the following spells:

 Spells                   Type           Power      Damage    Failure   Level
 Freeze                   Ice            100%       1d10      1%          1
 Frozen Ramparts          Ice            58%        1d9       4%          3
 Ozocubu's Armour         Ice            29%        N/A       4%          3
 Apportation              Tloc           20%        N/A       8%          1
 Jinxbite                 Hex            20%        N/A       11%         2
 Alistair's Intoxication  Alch           28%        N/A       12%         5
 Iskenderun's Mystic Bla  Conj/Tloc      29%        2d7       14%         4
 Summon Lightning Spire   Summ/Air       10%        N/A       58%         4
 Metabolic Englaciation   Hex/Ice        9%         N/A       67%         5
 Sculpt Simulacrum        Ice/Alch       18%        N/A       77%         6
 Lee's Rapid Deconstruct  Erth           5%         3d6*      90%         5
 Ozocubu's Refrigeration  Ice            14%        4d10      100%        7
 Discord                  Hex            5%         N/A       100%        8
 Animate Armour           Summ/Erth      Unusable   N/A       N/A         4

Dungeon Overview and Level Annotations

Branches:
Dungeon (11/15)            Temple (1/1) D:5            Lair (2/5) D:10
    Orc (0/2) D:10        Ossuary (visited)
  Swamp: Lair:2-3    Shoals: Lair:2-3     Snake: Lair:2-3    Spider: Lair:2-3

Altars:
Ashenzari
Cheibriados
Dithmenos
Elyvilon
Fedhas
Gozag
Hepliaklqana
Kikubaaqudgha
Makhleb
Nemelex Xobeh
Okawaru
Qazlal
Ru
Sif Muna
Trog
Uskayaw
Vehumet
Wu Jian
Xom
Yredelemnul
Zin

Shops:
D:2 (   D:9 *

Annotations:
Lair:2 Gastronok


Innate Abilities, Weirdness & Mutations

You are a hulking beast.
Your limbs bulge with bestial killing power. (Slay +2)
Your life essence is reduced to manifest your ancestor. (-10% HP)
You can spit globs of acid.
Your golden yellow scales are hard. (AC +8)
You cannot fit into any form of body armour.
You are cold-blooded and may be slowed by cold attacks.
You are resistant to acid. (rCorr)


Message History

The cane toad is almost dead.
The searing ray hits Gastronok!
Gastronok is almost dead.
You block the cane toad's attack.
Casting: Searing Ray (safe; 1% risk of failure)
Confirm with . or Enter, or press ? or * to list all spells.
Restarting spell: Searing Ray (safe; 1% risk of failure)
Press: ? - help, Shift-Dir - straight line, f/p - Gastronok
Aim: Gastronok, wearing a +2 hat (almost dead, covering ground quickly, poisoned, 100% to hit)
The searing ray hits the cane toad.
You kill the cane toad!
The searing ray hits Gastronok.
Gastronok is almost dead. (Press . to maintain the ray.)
The searing ray hits Gastronok.
Gastronok is almost dead.
The searing ray hits Gastronok!
Gastronok is almost dead.
Without enough magic to sustain it, your searing ray dissipates.
Gastronok bites you!!
Casting: Searing Ray (safe; 1% risk of failure)
Confirm with . or Enter, or press ? or * to list all spells.
You don't have enough magic to cast this spell.
Unknown command.
Gastronok looks at you while chanting.
You feel yourself slow down.
Gastronok gurgles, "It's true, you are what you eat."
Gastronok looks more healthy.
Gastronok waves his eye-stalks in wide circles.
The air twists around and strikes you!!
* * * LOW HITPOINT WARNING * * *
Gastronok gurgles, "A snack!
A snack!"
Gastronok is no longer moving quickly.
Gastronok gurgles.
Gastronok's eyestalks quiver as he mumbles some strange words.
Gastronok puts on a burst of speed!
Gastronok waves his eye-stalks in wide circles.
The air twists around and strikes you!!
You die...
Gastronok gurgles, "Let's see if you taste as good as that wizard did."

>##..........##.....#.........
............###....#..........
.................>.............
.............#.....##........(..
....................w...........
........[<............#.........
#..........<..#.#.#####.........
#P...........##..## #.........
#P...........)#h#######.........
................................
.......................#.#...###
..........................[.## #
.............................# #
............................##
......................####..#
......................# ##.## #
..............#.....### #..###


You could see Gastronok (swift).

Vanquished Creatures
  2 two-headed ogres
  Pikel (D:4)
  A black mamba (Lair:2)
  4 orange demons (D:10)
  A kobold demonologist (D:9)
  4 cane toads
  A troll (D:10)
  5 blink frogs
  A shadow (D:9)
  A wraith (D:9)
  A wyvern (D:10)
  16 yaks
  Grum (Lair:1)
  A water moccasin (Lair:2)
  5 orc warriors
  3 ice beasts
  A black bear (D:5)
  3 ogres
  7 wolves
  3 centaurs
  2 kobold brigands
  A gnoll sergeant (D:10)
  5 bullfrogs
  2 scorpions
  4 wights (D:7)
  5 killer bees
  A howler monkey (D:6)
  2 bombardier beetles
  3 orc priests
  2 sleepcaps
  An iguana (D:5)
  7 orc wizards
  4 mummies (Ossuary)
  7 gnolls
  5 adders
  2 shadow imps
  2 white imps
  A dart slug (D:1)
  2 ribbon worms
  26 orcs
  4 bats
  5 endoplasms
  2 giant cockroaches (D:1)
  8 goblins
  9 hobgoblins
  5 quokkas
  2 ball pythons (D:3)
  4 frilled lizards
  A hobgoblin zombie (Ossuary)
  11 kobolds
  3 kobold zombies (Ossuary)
  3 orc zombies (Ossuary)
  3 rats
206 creatures vanquished.

Vanquished Creatures (collateral kills)
  Erica (D:9)
  2 black mambas
  3 cane toads
  A gargoyle (D:8)
  2 red devils (D:10)
  A troll (D:10)
  A blink frog (Lair:2)
  6 yaks
  2 vampire mosquitoes (D:10)
  An acid dragon (D:9)
  4 water moccasins
  2 black bears
  3 sky beasts
  An orc warrior (D:7)
  An ogre (D:10)
  4 wolves
  3 centaurs
  A kobold brigand (D:8)
  3 bullfrogs
  2 killer bees
  2 howler monkeys (D:8)
  A bombardier beetle (D:6)
  An orc priest (D:6)
  A gnoll bouda (D:7)
  A hound (D:4)
  An iguana (D:6)
  4 orc wizards
  A sleepcap (D:6)
  4 mummies (Ossuary)
  A gnoll (D:7)
  3 adders (D:6)
  A shadow imp (D:3)
  A white imp (D:7)
  A ribbon worm (D:5)
  6 orcs
  2 endoplasms
  2 ball pythons (D:2)
  A kobold (D:4)
  An orc zombie (Ossuary)
  A rat (D:2)
80 creatures vanquished.

Vanquished Creatures (others)
  12 knights
  An ancestor (D:1)
  23 fulminant prisms
36 creatures vanquished.

Grand Total: 322 creatures vanquished

Notes
Turn   | Place    | Note
-------+----------+-------------------------------------------
     0 | D:1      | sking99 the Draconian Conjurer began the quest for the Orb.
     0 | D:1      | Reached XP level 1. HP: 14/14 MP: 3/3
   272 | D:1      | Reached XP level 2. HP: 22/22 MP: 1/5
   444 | D:1      | Found a faded altar of an unknown god.
   450 | D:1      | Prayed at the altar of an unknown god.
   450 | D:1      | Became a worshipper of Hepliaklqana the Forgotten
   450 | D:1      | Reached * piety under Hepliaklqana
   589 | D:1      | Reached skill level 1 in Fighting
   865 | D:1      | Reached XP level 3. HP: 25/25 MP: 3/6
   903 | D:1      | Learned a level 2 spell: Searing Ray
  1114 | D:2      | Identified the scarf "Ygocw" {shadows, rPois Will+ Int+2}
  1250 | D:2      | Reached ** piety under Hepliaklqana
  1251 | D:2      | Remembered your ancestor Tertia as a knight
  1538 | D:2      | Found Ockas's Weapon Boutique.
  1585 | D:2      | Reached skill level 1 in Shapeshifting
  1812 | D:3      | Reached skill level 1 in Invocations
  1992 | D:3      | Reached XP level 4. HP: 31/31 MP: 5/7
  2080 | D:3      | Found a glowing silver altar of Zin.
  2212 | D:3      | Reached XP level 5. HP: 17/36 MP: 0/9
  2313 | D:3      | Identified the +0 leather armour of the Doldrums {^Contam
                  | rElec rN+++ Str+2}
  2816 | D:4      | Noticed Pikel
  2816 | D:4      | Noticed a lemure
  2821 | D:4      | Noticed a lemure
  2821 | D:4      | Noticed a lemure
  2823 | D:4      | Noticed a lemure
  2824 | D:4      | Killed Pikel
  2825 | D:4      | Reached skill level 5 in Conjurations
  2825 | D:4      | Reached skill level 3 in Invocations
  2825 | D:4      | Reached XP level 6. HP: 45/45 MP: 1/11
  2825 | D:4      | Your scales start taking on a golden yellow colour.
  2825 | D:4      | Reached XP level 7. HP: 51/51 MP: 1/12
  2825 | D:4      | Gained mutation: You are resistant to acid. (rCorr) [Yellow
                  | Draconian growth]
  3553 | D:4      | Found a shimmering altar of Xom.
  3708 | D:4      | Reached *** piety under Hepliaklqana
  3824 | D:5      | Entered Level 5 of the Dungeon
  3875 | D:5      | Found a staircase to the Ecumenical Temple.
  3883 | Temple   | Entered the Ecumenical Temple
  3947 | D:5      | Learned a level 4 spell: Fulminant Prism
  3970 | D:5      | Reached skill level 4 in Invocations
  3973 | D:5      | Reached XP level 8. HP: 59/59 MP: 5/14
  5170 | D:6      | Reached skill level 1 in Shields
  5310 | D:6      | Found a bloodstained altar of Trog.
  5517 | D:6      | Reached skill level 5 in Fighting
  5521 | D:6      | Reached skill level 5 in Invocations
  5813 | D:6      | Reached skill level 5 in Spellcasting
  5817 | D:6      | Reached skill level 1 in Alchemy
  5920 | D:6      | Reached **** piety under Hepliaklqana
  5942 | D:6      | Reached XP level 9. HP: 66/66 MP: 9/16
  6686 | D:7      | Found a hide-covered altar of Uskayaw.
  6927 | D:7      | Found a sand-covered staircase.
  6936 | Ossuary  | Entered an ossuary
  7051 | Ossuary  | Reached skill level 6 in Invocations
  7825 | D:7      | Identified the amulet "Cacaf" {Reflect rC+++ Str+4 SH+5}
  7969 | D:8      | Noticed a gargoyle
  7984 | D:8      | Killed a gargoyle
  8589 | D:8      | Found a stormy altar of Qazlal.
  8603 | D:8      | Reached XP level 10. HP: 75/75 MP: 15/19
  9222 | D:9      | Found Niosyis's Assorted Antiques.
  9275 | D:8      | Reached skill level 7 in Invocations
  9383 | D:8      | Learned a level 4 spell: Olgreb's Toxic Radiance
  9491 | D:9      | Found a white marble altar of Elyvilon.
  9622 | D:9      | Reached skill level 5 in Shields
  9638 | D:9      | Noticed Erica
  9734 | D:9      | Killed Erica
  9735 | D:9      | Reached skill level 5 in Alchemy
 10043 | D:9      | Noticed a two-headed ogre
 10067 | D:9      | Noticed a lindwurm
 10159 | D:8      | Killed a two-headed ogre
 10272 | D:9      | Found a hazy altar of Hepliaklqana.
 10314 | D:9      | Found a broken altar of Ashenzari.
 10315 | D:9      | Found a sacrificial altar of Ru.
 10534 | D:9      | Found an iron altar of Okawaru.
 10570 | D:9      | Noticed a lindwurm
 10584 | D:9      | Noticed a lindwurm
 10585 | D:9      | Noticed a lindwurm
 10894 | D:10     | Entered Level 10 of the Dungeon
 10938 | D:10     | Reached skill level 8 in Invocations
 10938 | D:10     | Reached XP level 11. HP: 82/82 MP: 13/21
 11036 | D:10     | Noticed a two-headed ogre
 11047 | D:10     | Killed a two-headed ogre
 11289 | D:10     | Found a staircase to the Lair.
 11777 | D:10     | Reached skill level 9 in Invocations
 12111 | D:10     | Found a staircase to the Orcish Mines.
 12483 | D:10     | Learned a level 3 spell: Hailstorm
 12765 | D:11     | Noticed a purple ugly thing
 12812 | Lair:1   | Entered Level 1 of the Lair of Beasts
 12841 | Lair:1   | Identified the +1 short sword of Dakk {flame, rN+ Dex+4
                  | SInv}
 13041 | Lair:1   | Reached skill level 1 in Ice Magic
 13274 | Lair:1   | Reached skill level 10 in Invocations
 13577 | Lair:1   | Noticed Grum
 13587 | Lair:1   | Killed Grum
 13698 | Lair:1   | Reached ***** piety under Hepliaklqana
 14179 | Lair:2   | Reached XP level 12. HP: 29/90 MP: 10/24
 15216 | Lair:2   | Noticed Gastronok
 15256 | Lair:2   | Killed from afar by Gastronok

Illustrated notes

Levels and vault maps discovered:
D:1:      heliophobic_arrival_henge, layout_basic,
          dreamdust_ecumenical_altar_angels_and_demons
D:2:      layout_rooms, serial_shops, nicolae_shop_waterfront
D:3:      layout_basic, mainiacjoe_overflow_boulevard, kennysheep_generic_room_3
D:4:      layout_basic, mainiacjoe_overflow_six_doors_small, uniq_pikel
D:5:      layout_cave_pods, minmay_temple_entry_sparse_star
D:6:      layout_cave_pools, lightli_temple_of_fire, serial_glass,
          glass_columns_a, glass_columns_b, glass_columns_a, glass_columns_b,
          minmay_strange_pillars, feat_on_display, feat_on_display,
          minmay_strange_pillars, minmay_manual_mail
D:7:      layout_cave_pools, overflow_temple_1_default,
          chequers_ossuary_entry_cave
D:8:      layout_basic, kennysheep_mini, minivault_11
D:9:      layout_cross, worldfamousw_hep_ancestral_shrine,
          nicolae_overflow_hidden_temple, serial_shops, shop,
          grunt_ministairs_13, minmay_holes, minmay_lindwurm_lava, uniq_erica
D:10:     layout_basic, lair_entry_dummy,
          kennysheep_orc_monster_closet_entryway, minmay_beelzebubs_servants
D:11:     layout_long_grid, nrook_pool_corridor, uniq_harold
Temple:   hellmonk_temple_of_storms
Lair:1:   layout_small_grid, uniq_grum
Lair:2:   regret_index_malice_mire, layout_gridlike,
          mainiacjoe_swamp_entry_angry_trees, beast_lair_carwin_6,
          uniq_gastronok

Skill      XL: |  1  2  3  4  5  6  7  8  9 10 11 12 |
---------------+-------------------------------------+-----
Fighting       | 1 2 3 4 5 6 7 8 |  8.6
Shapeshifting  | 1 2 3 |  3.5
Invocations    | 1 3 4 5 6 8 10 | 10.7
Spellcasting   | 3 4 5 6 7 8 9 |  9.3
Conjurations   | 5 6 7 8 |  8.0
Shields        | 2 4 5 |  5.0
Alchemy        | 1 3 6 7 |  7.0
Dodging        | 3 4 |  4.1
Ice Magic      | 2 3 |  3.9
Stealth        | |  1.7

Action                     |  1- 3 |  4- 6 |  7- 9 | 10-12 || total
---------------------------+-------+-------+-------+-------++-------
  Melee: Dagger            |     1 |     5 |     8 |     6 ||    20
         Tailslap          |       |       |     1 |       ||     1
   Cast: Magic Dart        |    80 |    25 |   140 |   143 ||   388
         Searing Ray       |     1 |     3 |    54 |    63 ||   121
         Fulminant Prism   |       |       |     8 |    15 ||    23
         Olgreb's Toxic Ra |       |       |       |    21 ||    21
         Hailstorm         |       |       |       |     1 ||     1
 Invoke: Ancestor Life: Kn |     1 |       |       |       ||     1
         Recall Ancestor   |       |     1 |     1 |     5 ||     7
         Idealise          |       |       |     1 |     1 ||     2
         Transference      |       |       |     1 |       ||     1
Ability: Breathe Acid      |       |       |     1 |     1 ||     2
    Use: Scroll            |       |     8 |     9 |       ||    17
         Potion            |       |       |     1 |     4 ||     5
 Armour: Skin              |     4 |     9 |    45 |   122 ||   180
  Dodge: Dodged            |     7 |     3 |    70 |    84 ||   164
  Block: Buckler           |       |       |    13 |    77 ||    90
         Reflection        |       |       |       |     1 ||     1
   Form: Beast             |       |       |     1 |       ||     1
